[ AOE2 MATCH · #483147618 ]
UnrankedMagyars vs Japanese
Player's team · WIN
Rival team · LOSS
[ REPLAY ANALYSIS · EXTRACTED FROM THE RECORDED GAME ]
Feudal
8:48
Castle
24:16
Imperial
—
| APM avg | 32.5 |
| APM peak | 73 |
| eAPM avg | 14.2 |
| Villagers / military | 82 / 42 |
Focus
⚔️ 23.6% · 🌾 76.4%
Scout Cavalry ×20 · Cavalry Archer ×10 · Monk ×6 · Knight ×6
Feudal
11:22
Castle
24:25
Imperial
—
| APM avg | 43.8 |
| APM peak | 70 |
| eAPM avg | 26.2 |
| Villagers / military | 60 / 50 |
Focus
⚔️ 17.7% · 🌾 82.3%
Spearman ×30 · Militia ×18 · Battering Ram ×2
Match map
Initial resources + every placement click. Lines = walls · curves = elevation contours. ◆ gold · ⬟ stone · ● berries · ✦ relic · ◌ wall gap
Your base· ✓ Closed at 24:16 · 0t walls · 1 gate(s)
rafa_ceja99's base· Open — unwalled flank
Smoothed initial terrain · ◌ = detected wall gap · hover for details
Inputs per minute
— Preston - - rafa_ceja99
Build order — Preston
First 150 of 205 actions detected
| 0:01 | Create | Villager (Male) |
| 0:01 | Create | Villager (Male) |
| 0:01 | Create | Villager (Male) |
| 0:02 | Build | House |
| 0:04 | Build | House |
| 0:25 | Create | Villager (Male) |
| 0:25 | Create | Villager (Male) |
| 1:43 | Create | Villager (Male) |
| 1:43 | Create | Villager (Male) |
| 2:06 | Create | Villager (Male) |
| 2:07 | Create | Villager (Male) |
| 2:23 | Create | Villager (Male) |
| 2:24 | Create | Villager (Male) |
| 2:30 | Build | Lumber Camp |
| 2:58 | Create | Villager (Male) |
| 2:58 | Create | Villager (Male) |
| 3:02 | Build | House |
| 3:32 | Create | Villager (Male) |
| 3:32 | Create | Villager (Male) |
| 3:32 | Create | Villager (Male) |
| 3:35 | Create | Villager (Male) |
| 3:35 | Create | Villager (Male) |
| 4:25 | Create | Villager (Male) |
| 4:25 | Create | Villager (Male) |
| 4:59 | Create | Villager (Male) |
| 5:00 | Create | Villager (Male) |
| 5:00 | Create | Villager (Male) |
| 5:00 | Create | Villager (Male) |
| 5:42 | Research | Loom |
| 6:13 | Build | Mill |
| 6:38 | Research | Feudal Age |
| 6:59 | Build | House |
| 8:01 | Create | Villager (Male) |
| 8:02 | Create | Villager (Male) |
| 8:24 | Create | Villager (Male) |
| 8:37 | Build | Barracks |
| 8:48 | Age | Feudal Age |
| 9:27 | Build | Stable |
| 9:33 | Create | Villager (Male) |
| 9:33 | Create | Villager (Male) |
| 9:58 | Research | Double-Bit Axe |
| 10:09 | Create | Scout Cavalry |
| 10:09 | Create | Scout Cavalry |
| 10:09 | Create | Scout Cavalry |
| 10:26 | Build | House |
| 10:28 | Build | House |
| 10:36 | Create | Villager (Male) |
| 10:36 | Create | Villager (Male) |
| 10:58 | Build | House |
| 10:59 | Build | House |
| 11:02 | Create | Villager (Male) |
| 11:10 | Build | House |
| 11:16 | Build | Farm |
| 11:17 | Build | Farm |
| 11:19 | Build | Farm |
| 11:23 | Build | House |
| 11:28 | Create | Scout Cavalry |
| 11:55 | Create | Scout Cavalry |
| 12:00 | Build | Farm |
| 12:02 | Build | Farm |
| 12:06 | Create | Villager (Male) |
| 12:28 | Create | Villager (Male) |
| 12:33 | Build | Farm |
| 12:35 | Build | Farm |
| 12:37 | Build | House |
| 12:44 | Create | Villager (Male) |
| 12:58 | Create | Scout Cavalry |
| 12:58 | Create | Scout Cavalry |
| 13:16 | Build | House |
| 13:17 | Build | Farm |
| 13:19 | Create | Villager (Male) |
| 13:26 | Create | Villager (Male) |
| 13:39 | Research | Horse Collar |
| 14:27 | Create | Villager (Male) |
| 14:27 | Create | Villager (Male) |
| 14:28 | Create | Villager (Male) |
| 14:54 | Create | Scout Cavalry |
| 14:54 | Create | Scout Cavalry |
| 14:59 | Build | Farm |
| 15:00 | Build | Farm |
| 15:02 | Build | Farm |
| 15:03 | Build | Farm |
| 15:08 | Build | Farm |
| 15:12 | Build | Mining Camp |
| 15:17 | Create | Scout Cavalry |
| 15:44 | Create | Villager (Male) |
| 15:44 | Create | Villager (Male) |
| 16:04 | Research | Bloodlines |
| 16:16 | Build | Farm |
| 16:17 | Build | Farm |
| 16:17 | Build | Farm |
| 16:17 | Build | Farm |
| 16:20 | Create | Villager (Male) |
| 16:31 | Create | Villager (Male) |
| 16:43 | Build | Farm |
| 16:54 | Create | Villager (Male) |
| 16:59 | Build | House |
| 17:05 | Create | Scout Cavalry |
| 17:23 | Build | Blacksmith |
| 17:30 | Create | Villager (Male) |
| 17:30 | Create | Villager (Male) |
| 17:37 | Create | Scout Cavalry |
| 17:42 | Create | Villager (Male) |
| 17:50 | Build | House |
| 17:52 | Build | House |
| 18:02 | Create | Villager (Male) |
| 18:05 | Create | Villager (Male) |
| 18:08 | Create | Scout Cavalry |
| 18:12 | Build | Farm |
| 18:19 | Build | Lumber Camp |
| 18:23 | Research | Scale Barding Armor |
| 18:37 | Create | Villager (Male) |
| 18:50 | Create | Villager (Male) |
| 19:34 | Create | Villager (Male) |
| 19:34 | Create | Villager (Male) |
| 19:58 | Create | Villager (Male) |
| 19:58 | Create | Villager (Male) |
| 20:07 | Build | Farm |
| 20:07 | Build | Farm |
| 20:08 | Build | Farm |
| 20:11 | Create | Villager (Male) |
| 20:51 | Create | Villager (Male) |
| 20:51 | Create | Villager (Male) |
| 21:36 | Research | Castle Age |
| 21:43 | Build | Market |
| 21:45 | Build | House |
| 21:49 | Build | Farm |
| 21:49 | Build | Farm |
| 21:50 | Build | Farm |
| 22:03 | Build | Gate |
| 22:11 | Research | Gold Mining |
| 22:17 | Build | House |
| 22:30 | Build | Archery Range |
| 23:00 | Create | Villager (Male) |
| 23:01 | Create | Villager (Male) |
| 23:01 | Create | Villager (Male) |
| 23:03 | Research | Stone Mining |
| 23:06 | Create | Scout Cavalry |
| 23:07 | Create | Scout Cavalry |
| 23:14 | Research | Fletching |
| 23:17 | Build | House |
| 23:35 | Build | Archery Range |
| 23:43 | Create | Villager (Male) |
| 23:45 | Create | Scout Cavalry |
| 23:45 | Create | Scout Cavalry |
| 23:49 | Research | Padded Archer Armor |
| 24:16 | Age | Castle Age |
| 24:23 | Build | Monastery |
| 24:25 | Create | Cavalry Archer |
| 24:25 | Create | Cavalry Archer |
Build order — rafa_ceja99
First 150 of 186 actions detected
| 0:00 | Create | Villager (Male) |
| 0:00 | Create | Villager (Male) |
| 0:03 | Build | House |
| 0:06 | Build | House |
| 0:36 | Create | Villager (Male) |
| 0:36 | Create | Villager (Male) |
| 1:34 | Create | Villager (Male) |
| 1:34 | Create | Villager (Male) |
| 1:46 | Build | House |
| 1:55 | Build | Lumber Camp |
| 2:02 | Create | Villager (Male) |
| 2:26 | Research | Loom |
| 2:36 | Create | Villager (Male) |
| 2:37 | Create | Villager (Male) |
| 3:19 | Create | Villager (Male) |
| 3:20 | Create | Villager (Male) |
| 3:47 | Create | Villager (Male) |
| 3:47 | Create | Villager (Male) |
| 4:06 | Create | Villager (Male) |
| 4:31 | Create | Villager (Male) |
| 4:40 | Build | Mill |
| 4:54 | Create | Villager (Male) |
| 4:55 | Create | Villager (Male) |
| 5:17 | Build | House |
| 5:25 | Create | Villager (Male) |
| 5:25 | Create | Villager (Male) |
| 5:46 | Create | Villager (Male) |
| 5:46 | Create | Villager (Male) |
| 5:52 | Build | Mill |
| 5:57 | Create | Villager (Male) |
| 6:20 | Create | Villager (Male) |
| 6:34 | Build | Mill |
| 7:02 | Create | Villager (Male) |
| 7:02 | Create | Villager (Male) |
| 7:39 | Create | Villager (Male) |
| 7:53 | Build | House |
| 8:28 | Create | Villager (Male) |
| 8:28 | Create | Villager (Male) |
| 9:12 | Research | Feudal Age |
| 9:12 | Research | Feudal Age |
| 9:28 | Build | Farm |
| 10:39 | Build | House |
| 10:45 | Build | Barracks |
| 10:54 | Create | Villager (Male) |
| 11:22 | Age | Feudal Age |
| 11:24 | Create | Spearman |
| 11:31 | Create | Villager (Male) |
| 11:39 | Build | Lumber Camp |
| 11:54 | Research | Double-Bit Axe |
| 11:54 | Research | Double-Bit Axe |
| 12:00 | Create | Villager (Male) |
| 12:01 | Create | Villager (Male) |
| 12:07 | Create | Spearman |
| 12:28 | Create | Spearman |
| 12:30 | Create | Villager (Male) |
| 12:41 | Create | Villager (Male) |
| 12:55 | Research | Horse Collar |
| 12:55 | Research | Horse Collar |
| 13:01 | Build | House |
| 13:02 | Build | House |
| 13:02 | Build | House |
| 13:09 | Build | Mining Camp |
| 13:23 | Build | Farm |
| 13:23 | Build | Farm |
| 13:23 | Build | Farm |
| 13:23 | Build | Farm |
| 13:24 | Build | Farm |
| 13:24 | Build | Farm |
| 13:24 | Build | Farm |
| 13:25 | Build | Farm |
| 13:26 | Build | Farm |
| 13:26 | Build | Farm |
| 13:27 | Build | Farm |
| 13:46 | Build | House |
| 13:51 | Build | Palisade Wall |
| 14:22 | Create | Spearman |
| 14:22 | Create | Spearman |
| 14:58 | Create | Spearman |
| 14:58 | Create | Spearman |
| 15:11 | Create | Villager (Male) |
| 15:23 | Build | Palisade Wall |
| 15:29 | Build | Palisade Wall |
| 15:44 | Create | Villager (Male) |
| 16:08 | Create | Villager (Male) |
| 16:13 | Create | Spearman |
| 16:26 | Create | Villager (Male) |
| 16:26 | Create | Villager (Male) |
| 16:40 | Build | Farm |
| 16:41 | Create | Villager (Male) |
| 16:52 | Build | Farm |
| 16:56 | Create | Spearman |
| 17:02 | Create | Villager (Male) |
| 17:19 | Create | Spearman |
| 17:26 | Build | Farm |
| 17:29 | Build | Farm |
| 17:32 | Create | Villager (Male) |
| 17:38 | Build | House |
| 17:44 | Build | Palisade Wall |
| 17:53 | Build | House |
| 17:55 | Build | House |
| 17:55 | Build | House |
| 18:11 | Build | Lumber Camp |
| 18:21 | Create | Villager (Male) |
| 18:21 | Create | Villager (Male) |
| 18:33 | Research | Gold Mining |
| 19:15 | Build | House |
| 19:34 | Create | Spearman |
| 19:34 | Create | Spearman |
| 20:05 | Create | Villager (Male) |
| 20:11 | Build | Market |
| 20:19 | Build | Blacksmith |
| 20:25 | Create | Villager (Male) |
| 20:50 | Create | Villager (Male) |
| 21:07 | Create | Villager (Male) |
| 21:42 | Research | Castle Age |
| 21:42 | Research | Castle Age |
| 22:38 | Build | Barracks |
| 22:47 | Research | Man-at-Arms (upgrade) |
| 22:48 | Create | Militia |
| 22:48 | Create | Militia |
| 22:54 | Build | Farm |
| 23:13 | Create | Villager (Male) |
| 23:26 | Research | Scale Mail Armor |
| 23:34 | Build | Barracks |
| 23:37 | Create | Militia |
| 23:37 | Create | Militia |
| 23:44 | Create | Militia |
| 23:44 | Create | Militia |
| 23:51 | Create | Villager (Male) |
| 24:11 | Research | Forging |
| 24:25 | Age | Castle Age |
| 24:28 | Create | Spearman |
| 24:28 | Create | Spearman |
| 24:38 | Research | Pikeman (upgrade) |
| 24:55 | Create | Villager (Male) |
| 24:56 | Create | Villager (Male) |
| 25:08 | Build | Town Center |
| 25:14 | Create | Spearman |
| 25:14 | Create | Spearman |
| 25:15 | Create | Spearman |
| 25:37 | Create | Villager (Male) |
| 25:37 | Create | Villager (Male) |
| 26:07 | Create | Militia |
| 26:07 | Create | Militia |
| 26:12 | Build | Siege Workshop |
| 26:17 | Research | Squires |
| 26:17 | Create | Spearman |
| 26:17 | Create | Spearman |
| 26:18 | Create | Spearman |
| 26:39 | Create | Militia |
Match timeline
| 8:37 | Preston · first_building Barracks |
| 8:48 | Preston · age_up feudal |
| 9:27 | Preston · first_building Stable |
| 10:45 | rafa_ceja99 · first_building Barracks |
| 11:22 | rafa_ceja99 · age_up feudal |
| 13:51 | rafa_ceja99 · wall_segment Palisade Wall x4 |
| 15:23 | rafa_ceja99 · wall_segment Palisade Wall x1 |
| 15:29 | rafa_ceja99 · wall_segment Palisade Wall x4 |
| 17:44 | rafa_ceja99 · wall_segment Palisade Wall x1 |
| 21:33 | rafa_ceja99 · first_market_buy 100 food |
| 21:34 | rafa_ceja99 · first_market_sell 100 wood |
| 22:30 | Preston · first_building Archery Range |
| 24:16 | Preston · age_up castle |
| 24:23 | Preston · first_building Monastery |
| 24:25 | rafa_ceja99 · age_up castle |
| 24:38 | Preston · first_market_buy 100 food |
| 26:12 | rafa_ceja99 · first_building Siege Workshop |
| 26:42 | Preston · first_market_sell 100 food |
| 30:22 | rafa_ceja99 · resign |
[ AI ANALYSIS · 1 CREDIT ]
What really happened in this match?
Wolo.gg analyzes every decision: build order, eco, micro, common mistakes by bracket. Personalized analysis on WhatsApp or Discord in 30 seconds.
Civ guide
Magyars
Perfil
Jugador #11142633